 Dungeon Crawl Stone Soup version 0.30-a0-940-ge5077277c9 (webtiles) character file.

Game seed: 14340505382289829013

70 Morbidden the Charlatan (level 4, -4/33 HPs)
             Began as a Demonspawn Artificer on Mar 26, 2023.
             Splashed by a jelly's acid (10 damage)
             ... on level 4 of the Dungeon.
             The game lasted 00:02:22 (1775 turns).

Morbidden the Charlatan (Demonspawn Artificer)      Turns: 1775, Time: 00:02:22

Health: -4/33      AC:  1    Str: 12    XL:     4   Next: 3%
Magic:  4/4        EV: 10    Int: 15    God:
Gold:   73         SH:  0    Dex: 15    Spells: 4/4 levels left

rFire   . . .      SeeInvis .    a - +0 dagger
rCold   . . .      Faith    .    (no shield)
rNeg    . . .      Spirit   .    f - +0 ring mail
rPois   .          Reflect  .    (no helmet)
rElec   .          Rampage  .    (no cloak)
rCorr   .                        (no gloves)
Will    .....                    (no boots)
Stlth   ++                       (no amulet)
HPRegen 0.25/turn                (no ring)
MPRegen 0.09/turn                (no ring)

@: corroded
A: thin skeletal structure 1
a: no special abilities


You were on level 4 of the Dungeon.
You visited 1 branch of the dungeon, and saw 3 of its levels.

You collected 73 gold pieces.

Inventory:

Hand Weapons
 a - a +0 dagger (weapon)
Missiles
 k - 2 poisoned darts
Armour
 f - a +0 ring mail (worn)
Wands
 c - a wand of flame (12) (quivered)
 d - a wand of charming (13)
 e - a wand of iceblast (5)
Scrolls
 b - a scroll of enchant weapon {unknown}
 g - a scroll of vulnerability {unknown}
 h - a scroll of teleportation {unknown}
 i - a scroll of identify {unknown}
Potions
 j - a potion of brilliance {unknown}


   Skills:
 * Level 1.6 Fighting
 * Level 1.1 Short Blades
 - Level 0.2 Maces & Flails
 * Level 2.3 Armour
 * Level 1.2 Dodging
 + Level 0.9 Stealth
 * Level 0.6 Spellcasting
 * Level 3.5 Evocations


You had 4 spell levels left.
You didn't know any spells.
Your spell library contained the following spells:

 Spells                   Type           Power      Damage    Failure   Level
 Kiss of Death            Conj/Necr      0%         2d5       50%         1
 Confusing Touch          Hex            0%         N/A       86%         3
 Dispel Undead            Necr           0%         3d6       99%         4


Dungeon Overview and Level Annotations

Branches:
Dungeon (4/15)
 Temple: D:4-7

Altars:
Hepliaklqana


Innate Abilities, Weirdness & Mutations

You have a somewhat thin skeletal structure. (Dex +2, Stealth+)


Message History

You hit the jelly but do no damage.
Your hands burn!
The jelly is moderately wounded.
The jelly hits you.
You are splashed with acid!
* * * LOW HITPOINT WARNING * * *
You are too injured to fight recklessly!
You are too injured to fight recklessly!
You are too injured to fight recklessly!
You are too injured to fight recklessly!
You are too injured to fight recklessly!
You are too injured to fight recklessly!
You are too injured to fight recklessly!
You are too injured to fight recklessly!
You are too injured to fight recklessly!
You are too injured to fight recklessly!
You are too injured to fight recklessly!
You are too injured to fight recklessly!
You are too injured to fight recklessly!
You are too injured to fight recklessly!
You are too injured to fight recklessly!
You are too injured to fight recklessly!
You are too injured to fight recklessly!
You are too injured to fight recklessly!
You are too injured to fight recklessly!
You are too injured to fight recklessly!
You are too injured to fight recklessly!
You are too injured to fight recklessly!
You are too injured to fight recklessly!
You are too injured to fight recklessly!
You are too injured to fight recklessly!
You are too injured to fight recklessly!
Unknown command.
Aiming: Throw Flame
Press: ? - help, Shift-Dir - straight line, f - jelly
Aim: a jelly (moderately wounded, 100% to hit)
The puff of flame hits the jelly!
The jelly is severely wounded.
The jelly hits you.
* * * LOW HITPOINT WARNING * * *
You are splashed with acid!
You die...

.... . (. ....... ...# .#
.............# .#
............#.. #.#...#..##.#.
. #.#...#...... .. #.......#
#J# .# ##. ##
#...รท...###@##.#... ..
#............#.#.##. #.
##..>...###[........ #.###
####......# ##.....#####...
#...#.###.# #<...........#
#.#.....#.####....##..###.#
.......#.#.........[.........#
......##.###.####...#######..#
.#.#..##.....# #.#.# ### #..#


You could see a jelly.

Vanquished Creatures
  A jelly (D:4)
  A dart slug (D:1)
  4 ball pythons
  4 endoplasms
  A giant cockroach (D:1)
  7 hobgoblins
  3 jackals (D:1)
  2 quokkas
  3 bats (D:1)
  3 frilled lizards (D:1)
  A goblin (D:1)
  2 kobolds (D:1)
32 creatures vanquished.

Vanquished Creatures (collateral kills)
  A quokka (D:4)
1 creature vanquished.

Grand Total: 33 creatures vanquished

Notes
Turn   | Place    | Note
-------+----------+-------------------------------------------
     0 | D:1      | Morbidden the Demonspawn Artificer began the quest for the
                  | Orb.
     0 | D:1      | Reached XP level 1. HP: 15/15 MP: 1/1
   101 | D:1      | Reached skill level 1 in Dodging
   115 | D:1      | Gained mutation: You have a somewhat thin skeletal
                  | structure. (Dex +2, Stealth+) [demonic ancestry]
   115 | D:1      | Reached XP level 2. HP: 13/21 MP: 2/2
   716 | D:1      | Reached XP level 3. HP: 7/26 MP: 3/3
  1243 | D:2      | You fall into a shaft and drop 2 floors!
  1434 | D:4      | Found a hazy altar of Hepliaklqana.
  1546 | D:4      | Reached skill level 1 in Short Blades
  1546 | D:4      | Reached XP level 4. HP: 6/33 MP: 4/4
  1775 | D:4      | Splashed by a jelly's acid

Illustrated notes

Levels and vault maps discovered:
D:1:      scummos_arrival_gate, layout_basic, serial_bayou_pond_e
D:2:      layout_basic, hangedman_abyss_or_decor_stabs,
          corexii_item_surrounded_by_moat
D:4:      layout_loops_cross, lemuel_doored_altar, uniq_duvessa

Skill      XL: |  1  2  3 |
---------------+----------+-----
Dodging        | 1 |  1.2
Armour         | 2 |  2.3
Short Blades   | 1 |  1.1
Fighting       | |  1.6
Maces & Flails | |  0.2
Stealth        | |  0.9
Spellcasting   | |  0.6
Evocations     | |  3.5

Action                     |  1- 3 |  4- 6 || total
---------------------------+-------+-------++-------
  Melee: Mace              |    18 |       ||    18
         Dagger            |   161 |     4 ||   165
         Punch             |     1 |       ||     1
  Evoke: Wand              |     4 |     1 ||     5
   Stab: Sleeping          |     2 |       ||     2
 Armour: Ring mail         |    78 |     2 ||    80
  Dodge: Dodged            |   116 |     1 ||   117

Table legend: (Time is in decaauts)
 A = Elapsed time spent in this place.
 B = Non-inter-level travel time spent in this place.
 C = Inter-level travel time spent in this place.
 D = Time resting spent in this place.
 E = Time spent auto-exploring this place.
 F = Levels seen in this place.
 G = Mean time per level.
                   A        B        C        D        E       F      G
               +--------+--------+--------+--------+--------+-----+--------+
         Total |   1779 |   1722 |     57 |    536 |    785 |   3 |  593.0 |
       Dungeon |   1779 |   1722 |     57 |    536 |    785 |   3 |  593.0 |
               +--------+--------+--------+--------+--------+-----+--------+

Top non-repeatable levels by time:
     D:1: 1236 daAuts
     D:4: 530 daAuts
     D:2: 12 daAuts
